 Dungeon Crawl Stone Soup version 0.21.1-1-g345015f (webtiles) character file.

106 Mgcat the Insei (level 4, -1/34 HPs)
             Began as a Gnoll Transmuter on Mar 21, 2018.
             Succumbed to a scorpion's poison
             ... on level 4 of the Dungeon.
             The game lasted 00:04:23 (855 turns).

Mgcat the Insei (Gnoll Transmuter)                   Turns: 855, Time: 00:04:23

Health: -1/34      AC:  2    Str: 13    XL:     4   Next: 84%
Magic:  10/11      EV: 15    Int: 21    God:
Gold:   72         SH:  0    Dex: 15    Spells: 10/13 levels left

rFire    . . .     SeeInvis .     - Unarmed
rCold    . . .     Gourm    .   (no shield)
rNeg     . . .     Faith    .   b - +0 robe
rPois    .         Spirit   .   (no helmet)
rElec    .         Reflect  .   (no cloak)
rCorr    .         Harm     .   (no gloves)
MR       .....                  (no boots)
Stlth    ++........             (no amulet)
HPRegen  0.11/turn              (no ring)
MPRegen  0.12/turn              (no ring)

@: brilliant, lethally poisoned (-1 -> -14), berserk cooldown, flying, slowed,
very slow
A: distributed training, fangs 1, strong nose
a: no special abilities


You were on level 4 of the Dungeon.
You were not hungry.

You visited 1 branch of the dungeon, and saw 4 of its levels.

You collected 72 gold pieces.

Inventory:

Missiles
 a - 28 arrows
Armour
 b - a +0 robe (worn)
Scrolls
 h - a scroll of fear {unknown}
 k - a scroll of amnesia {unknown}
Books
 c - a book of Changes
Comestibles
 d - 6 rations
 f - 2 chunks of flesh {@w0}


   Skills:
 + Level 2.8 Fighting
 + Level 1.2 Short Blades
 + Level 1.2 Long Blades
 + Level 1.2 Axes
 + Level 1.2 Maces & Flails
 + Level 1.2 Polearms
 + Level 1.2 Staves
 + Level 1.2 Slings
 + Level 1.2 Bows
 + Level 1.2 Crossbows
 + Level 1.2 Throwing
 + Level 1.2 Armour
 + Level 4.7 Dodging
 + Level 1.2 Stealth
 + Level 1.2 Shields
 + Level 6.6 Unarmed Combat
 + Level 5.1 Spellcasting
 + Level 1.0 Conjurations
 + Level 1.0 Hexes
 + Level 1.0 Charms
 + Level 1.0 Summonings
 + Level 1.0 Necromancy
 + Level 1.0 Translocations
 + Level 3.9 Transmutations
 + Level 1.0 Fire Magic
 + Level 1.0 Ice Magic
 + Level 1.0 Air Magic
 + Level 1.0 Earth Magic
 + Level 1.0 Poison Magic
 + Level 1.3 Invocations
 + Level 1.2 Evocations


You had 10 spell levels left.
You knew the following spells:

 Your Spells              Type           Power        Failure   Level  Hunger
a - Beastly Appendage     Tmut           ####..       1%          1    None
b - Sticks to Snakes      Tmut           ####....     1%          2    None


Dungeon Overview and Level Annotations

Branches:
Dungeon (4/15)
 Temple: D:4-7

Altars:


Innate Abilities, Weirdness & Mutations

Your experience applies equally to all skills.
You have very sharp teeth.
Your uncanny sense of smell can sniff out nearby items.


Message History

You have reached level 4!
You feel clever.
Your adder looks stronger.
You hit the scorpion.
The scorpion is moderately wounded.
Your adder bites the scorpion.
Your adder bites the scorpion but does no damage.
You hit the scorpion but do no damage.
The scorpion is moderately wounded.
Your adder withers and dies!
The scorpion misses you.
Casting: Sticks to Snakes
Confirm with . or Enter, or press ? or * to list all spells.
You create a snake!
You now have 28 arrows.
Your horns disappear.
The scorpion stings you!
You are poisoned.
The scorpion poisons you!
You feel sick. The scorpion misses you.
You barely miss the scorpion.
The scorpion is moderately wounded.
The scorpion stings you.
You are more poisoned.
The scorpion poisons you!
Your ball python bites the scorpion but does no damage.
Your ball python barely misses the scorpion.
You barely miss the scorpion.
The scorpion is moderately wounded.
* * * LOW HITPOINT WARNING * * *
You feel sick. The scorpion misses you.
Your ball python closely misses the scorpion.
Your ball python grabs the scorpion.
Your ball python constricts the scorpion.
You hit the scorpion.
The scorpion is severely wounded.
* * * LOW HITPOINT WARNING * * *
You feel sick.
Your ball python bites the scorpion.
Your ball python constricts the scorpion.
The scorpion closely misses you.
Some of the chunks of flesh in your inventory have rotted away.
You punch the scorpion!
You kill the scorpion!
Your Conjurations skill increases to level 1!
Your Hexes skill increases to level 1!
Your Charms skill increases to level 1!
Your Summonings skill increases to level 1!
Your Necromancy skill increases to level 1!
Your Translocations skill increases to level 1!
Your Fire Magic skill increases to level 1!
Your Ice Magic skill increases to level 1!
Your Air Magic skill increases to level 1!
Your Earth Magic skill increases to level 1!
Your Poison Magic skill increases to level 1!
* * * LOW HITPOINT WARNING * * *
You feel sick.
You miss the frilled lizard. Your punch misses the frilled lizard.
* * * LOW HITPOINT WARNING * * *
You feel sick.
Your ball python misses the frilled lizard.
Your ball python grabs the frilled lizard.
Your ball python constricts the frilled lizard.
Your ball python bites the frilled lizard.
The frilled lizard dies!
There is a lethal amount of poison in your body!
It was a potion of berserk rage.
A red film seems to cover your vision as you go berserk!
You feel yourself moving faster!
You feel mighty!
* * * LOW HITPOINT WARNING * * *
You feel sick.
You are too berserk!
You are too berserk!
You are too berserk!
You are too berserk!
You are too berserk!
You are too berserk!
You are too berserk!
You are too berserk!
You are too berserk!
You are too berserk!
You are too berserk!
You are too berserk!
You are too berserk!
You are too berserk!
You swap places.
You feel a strong urge to attack something.
* * * LOW HITPOINT WARNING * * *
You feel sick.
* * * LOW HITPOINT WARNING * * *
You feel sick.
You feel your anger nearly subside.
* * * LOW HITPOINT WARNING * * *
You feel sick.
You are no longer berserk.
You are exhausted.
You feel yourself slow down.
* * * LOW HITPOINT WARNING * * *
You feel sick.
Found a stone staircase leading down.
It was a potion of brilliance.
You feel clever all of a sudden.
You die...

#########.
........>
#........
#@# #S# #.#
#.######.#
#.†....#.#
######.#.#
####.#.#
#......#
#.....l#####


You could see a friendly ball python.

Vanquished Creatures
  A scorpion (D:4)
  2 adders (D:2)
  2 dart slugs
  2 leopard geckos
  An orc (D:2)
  3 ball pythons
  2 goblins (D:1)
  A hobgoblin (D:1)
  2 jackals (D:1)
  2 bats
  2 frilled lizards
  6 kobolds
  5 rats (D:1)
31 creatures vanquished.

Vanquished Creatures (collateral kills)
  An iguana (D:4)
  A frilled lizard (D:4)
2 creatures vanquished.

Grand Total: 33 creatures vanquished

Notes
Turn   | Place    | Note
-------+----------+-------------------------------------------
     0 | D:1      | Mgcat the Gnoll Transmuter began the quest for the Orb.
     0 | D:1      | Reached XP level 1. HP: 17/17 MP: 6/6
   191 | D:1      | Reached XP level 2. HP: 18/23 MP: 7/7
   572 | D:2      | Reached XP level 3. HP: 28/28 MP: 7/9
   587 | D:2      | Learned a level 2 spell: Sticks to Snakes
   592 | D:2      | Reached skill level 5 in Spellcasting
   633 | D:2      | Reached skill level 1 in Invocations
   809 | D:4      | Noticed a scorpion
   818 | D:4      | HP: 7/28 [iguana (7)]
   840 | D:4      | Reached skill level 1 in Short Blades
   840 | D:4      | Reached skill level 1 in Long Blades
   840 | D:4      | Reached skill level 1 in Axes
   840 | D:4      | Reached skill level 1 in Maces & Flails
   840 | D:4      | Reached skill level 1 in Polearms
   840 | D:4      | Reached skill level 1 in Staves
   840 | D:4      | Reached skill level 1 in Slings
   840 | D:4      | Reached skill level 1 in Bows
   840 | D:4      | Reached skill level 1 in Crossbows
   840 | D:4      | Reached skill level 1 in Throwing
   840 | D:4      | Reached skill level 1 in Armour
   840 | D:4      | Reached skill level 1 in Stealth
   840 | D:4      | Reached skill level 1 in Shields
   840 | D:4      | Reached skill level 1 in Evocations
   840 | D:4      | Reached XP level 4. HP: 21/34 MP: 11/11
   847 | D:4      | HP: 7/34 [poisoned by a scorpion]
   848 | D:4      | Reached skill level 1 in Conjurations
   848 | D:4      | Reached skill level 1 in Hexes
   848 | D:4      | Reached skill level 1 in Charms
   848 | D:4      | Reached skill level 1 in Summonings
   848 | D:4      | Reached skill level 1 in Necromancy
   848 | D:4      | Reached skill level 1 in Translocations
   848 | D:4      | Reached skill level 1 in Fire Magic
   848 | D:4      | Reached skill level 1 in Ice Magic
   848 | D:4      | Reached skill level 1 in Air Magic
   848 | D:4      | Reached skill level 1 in Earth Magic
   848 | D:4      | Reached skill level 1 in Poison Magic
   852 | D:4      | HP: 4/51 [poisoned by a scorpion]
   854 | D:4      | HP: 1/34 [poisoned by a scorpion]
   855 | D:4      | Succumbed to a scorpion's poison

Skill      XL: |  1  2  3  4 |
---------------+-------------+-----
Spellcasting   | 5 |  5.1
Invocations    | 1 |  1.3
Short Blades   | 1 |  1.2
Long Blades    | 1 |  1.2
Axes           | 1 |  1.2
Maces & Flails | 1 |  1.2
Polearms       | 1 |  1.2
Staves         | 1 |  1.2
Slings         | 1 |  1.2
Bows           | 1 |  1.2
Crossbows      | 1 |  1.2
Throwing       | 1 |  1.2
Armour         | 1 |  1.2
Stealth        | 1 |  1.2
Shields        | 1 |  1.2
Evocations     | 1 |  1.2
Conjurations   | 1 |  1.0
Hexes          | 1 |  1.0
Charms         | 1 |  1.0
Summonings     | 1 |  1.0
Necromancy     | 1 |  1.0
Translocations | 1 |  1.0
Fire Magic     | 1 |  1.0
Ice Magic      | 1 |  1.0
Air Magic      | 1 |  1.0
Earth Magic    | 1 |  1.0
Poison Magic   | 1 |  1.0
Fighting       | |  2.8
Dodging        | |  4.7
Unarmed Combat | |  6.6
Transmutations | |  3.9

Action                   |  1- 3 |  4- 6 || total
-------------------------+-------+-------++-------
Melee: Unarmed           |    84 |     7 ||    91
       Headbutt          |     6 |       ||     6
       Kick              |     8 |       ||     8
       Bite              |     2 |       ||     2
 Cast: Beastly Appendage |    16 |       ||    16
       Sticks to Snakes  |     4 |     1 ||     5
  Use: Potion            |     2 |     2 ||     4
 Stab: Sleeping          |     2 |       ||     2
Armor: Robe              |    15 |       ||    15
Dodge: Dodged            |    56 |     4 ||    60

Vault maps used:
D:1:      noname_arrival_rooms_in_the_neighbourhood, minmay_small_reverse_x
D:2:      okawaru_altar_gauntlet_db, hangedman_abyss_or_decor_lesser_grid
D:3:      first_ration
D:4:      minmay_temple_entry_mist

Table legend:
 A = Turns spent in this place as a percentage of turns spent in the entire game.
 B = Non-inter-level travel turns spent in this place as a percentage of non-inter-level travel turns spent in the entire game.
 C = Inter-level travel turns spent in this place as a percentage of turns spent in this place.
 D = Turns resting spent in this place as a percentage of non-inter-level travel turns spent in this place.
 E = Turns spent auto-exploring this place as a percentage of non-inter-level travel turns spent in this place.
 F = Non-inter-level travel turns spent in this place divided by the number of levels of this place that you've seen.
                   A       B       C       D       E      F
               +-------+-------+-------+-------+-------+----------------------
         Total | 100.0 | 100.0 |   0.0 |   0.7 |  67.3 | 213.8
       Dungeon | 100.0 | 100.0 |   0.0 |   0.7 |  67.3 | 213.8
               +-------+-------+-------+-------+-------+----------------------

Table legend:
 A = Kills in this place as a percentage of kills in entire the game.
 B = Kills by you in this place as a percentage of kills by you in the entire game.
 C = Kills by friends in this place as a percentage of kills by friends in the entire game.
 D = Other kills in this place as a percentage of other kills in the entire game.
 E = Experience gained in this place as a percentage of experience gained in the entire game.
 F = Experience gained in this place divided by the number of levels of this place that you have seen.
                   A       B       C       D       E      F
               +-------+-------+-------+-------+-------+----------------------
         Total | 100.0 | 100.0 | 100.0 |   N/A | 100.0 |  38.0
       Dungeon | 100.0 | 100.0 | 100.0 |   N/A | 100.0 |  38.0
               +-------+-------+-------+-------+-------+----------------------
